 Dungeon Crawl Stone Soup version 0.23.1 (webtiles) character file.

Game seed: 2110205008780411986

870 Fang the Skirmisher (level 8, -4/76 HPs)
             Began as a Gargoyle Berserker on Mar 19, 2019.
             Was a Priest of Trog.
             Slain by Pikel
             ... wielding a +0 whip of electrocution
              (6 damage)
             ... on level 5 of the Dungeon.
             The game lasted 00:04:56 (3801 turns).

Fang the Skirmisher (Gargoyle Berserker)            Turns: 3801, Time: 00:04:56

Health: -4/76      AC:  8    Str: 29    XL:     8   Next: 3%
Magic:  8/8        EV: 13    Int:  7    God:    Trog [***...]
Gold:   172        SH:  0    Dex:  9    Spells: 7/7 levels left

rFire    . . .     SeeInvis .   p - +0 war axe
rCold    . . .     Gourm    .   (no shield)
rNeg     + . .     Faith    .   b - +0 animal skin
rPois    ∞         Spirit   .   (no helmet)
rElec    +         Reflect  .   (no cloak)
rCorr    .         Harm     .   (no gloves)
MR       .....                  (no boots)
Stlth    ..........             h - amulet of the acrobat
HPRegen  0.22/turn              x - ring of stealth
MPRegen  0.11/turn              (no ring)

@: berserking, very quick
A: negative energy resistance 1, electricity resistance, unbreathing,
petrification resistance, rot immunity, AC +5
a: Berserk, Trog's Hand, Renounce Religion


You were on level 5 of the Dungeon.
You worshipped Trog.
Trog was most pleased with you.
You were very hungry.

You visited 1 branch of the dungeon, and saw 5 of its levels.

You collected 172 gold pieces.

Inventory:

Hand Weapons
 p - a +0 war axe (weapon)
Armour
 b - a +0 animal skin (worn)
Jewellery
 h - an amulet of the acrobat (around neck)
 q - an uncursed amulet of magic regeneration {unknown}
 x - a ring of stealth (left hand)
Wands
 t - a wand of iceblast (5)
Scrolls
 d - 5 scrolls of identify {unknown}
 f - 2 scrolls of enchant weapon {unknown}
 i - 2 scrolls of remove curse {unknown}
 l - a scroll of fog {unknown}
 o - 2 scrolls of teleportation {unknown}
 s - a scroll of blinking {unknown}
 w - 2 scrolls of immolation {unknown}
 y - 2 scrolls of fear {unknown}
Potions
 e - a potion of lignification {unknown}
 g - 5 potions of curing {unknown}
 j - 4 potions of heal wounds {unknown}
 k - a potion of mutation {unknown}
 m - a potion of flight {unknown}
 n - a potion of brilliance {unknown}
 r - 2 potions of cancellation {unknown}
 u - 2 potions of haste {unknown}
 v - 2 potions of agility {unknown}
Comestibles
 c - 10 rations


   Skills:
 + Level 5.8 Fighting
 + Level 4.8 Axes
 + Level 5.2 Armour
 + Level 3.9 Dodging


You had 7 spell levels left.
You didn't know any spells.
Your spell library was empty.

Dungeon Overview and Level Annotations

Branches:
Dungeon (5/15)
 Temple: D:4-7

Altars:
Ashenzari
Kikubaaqudgha
The Shining One

Annotations:
D:5 Pikel


Innate Abilities, Weirdness & Mutations

You are resistant to torment.
Your stone body is resilient. (AC +5)
You are immune to poison.
You resist negative energy. (rN+)
You are resistant to electric shocks. (rElec)
You can survive without breathing.
You are immune to petrification.
You are immune to rotting.


Message History

Pikel barely misses you.
You slash Pikel!
Pikel is severely wounded.
You hit the slave. You barely miss the slave. You closely miss the slave.
The slave barely misses you. The slave closely misses you.
The slave hits you but does no damage.
You hit Pikel.
Pikel is severely wounded.
You slash the slave!
You kill the slave!
That felt strangely unrewarding.
You barely miss the slave. You slash the slave!
You kill the slave!
That felt strangely unrewarding.
Pikel hits you but does no damage. The slave closely misses you.
You barely miss Pikel.
Pikel is severely wounded.
You slash the worker ant zombie! You barely miss the slave.
Pikel hits you with a +0 whip of electrocution.
You die...

.# #.# ..# ### # #
################ #
............(..# #
......K[###.#..# #
......Z@p..###.####...
##
.#.#######..#.........
.#######.
#.#.#########
......... #.#.###
.#######. #.#...# ##
#.###.# # #.# #.# #
#.# #.# # #.#


You could see Pikel, a slave and a worker ant zombie.

Vanquished Creatures
  Sigmund (D:2)
  3 slaves (D:5)
  2 ogres (D:4)
  3 scorpions
  A howler monkey (D:2)
  A vampire bat (D:3)
  A crimson imp (D:5)
  A bullfrog skeleton (D:4)
  A hound (D:4)
  3 worker ants
  A worker ant zombie (D:4)
  3 adders
  An adder skeleton (D:4)
  An adder zombie (D:5)
  5 worms
  4 leopard geckos
  7 orcs
  4 bat skeletons (D:3)
  2 bat zombies (D:3)
  2 giant cockroaches
  7 goblins
  8 hobgoblins
  4 jackals (D:2)
  4 quokkas
  A ball python (D:4)
  7 bats
  4 frilled lizards
  8 kobolds
  25 rats
115 creatures vanquished.

Notes
Turn   | Place    | Note
-------+----------+-------------------------------------------
     0 | D:1      | Fang the Gargoyle Berserker began the quest for the Orb.
     0 | D:1      | Reached XP level 1. HP: 14/14 MP: 1/1
   120 | D:1      | Reached XP level 2. HP: 10/19 MP: 2/2
   894 | D:2      | Noticed Sigmund
   906 | D:2      | Killed Sigmund
   906 | D:2      | Reached XP level 3. HP: 24/24 MP: 3/3
   906 | D:2      | Reached XP level 4. HP: 30/30 MP: 4/4
   906 | D:2      | Reached XP level 5. HP: 34/34 MP: 5/5
  1406 | D:2      | Reached ** piety under Trog
  1609 | D:2      | Reached XP level 6. HP: 31/39 MP: 6/6
  1930 | D:3      | Found an ancient bone altar of Kikubaaqudgha.
  2083 | D:3      | Found a shattered altar of Ashenzari.
  2338 | D:4      | Reached skill level 5 in Fighting
  2338 | D:4      | Reached XP level 7. HP: 44/44 MP: 7/7
  2790 | D:4      | Reached *** piety under Trog
  3009 | D:4      | Found a glowing golden altar of the Shining One.
  3091 | D:4      | Reached skill level 5 in Armour
  3446 | D:5      | Entered Level 5 of the Dungeon
  3727 | D:5      | Reached XP level 8. HP: 50/51 MP: 8/8
  3782 | D:5      | Noticed Pikel
  3798 | D:5      | HP: 2/76 [slave[Pikel] (5)]
  3801 | D:5      | Slain by Pikel

Skill      XL: |  1  2  3  4  5  6  7 |
---------------+----------------------+-----
Axes           | 3 4 |  4.8
Fighting       | 4 5 |  5.8
Armour         | 3 4 5 |  5.2
Dodging        | 2 3 |  3.9

Action                   |  1- 3 |  4- 6 |  7- 9 || total
-------------------------+-------+-------+-------++-------
Melee: Hand axe          |    74 |    10 |       ||    84
       War axe           |       |    96 |   160 ||   256
Invok: Berserk           |     1 |     1 |     2 ||     4
 Stab: Sleeping          |       |       |     6 ||     6
  Eat: Chunk             |       |     6 |     6 ||    12
Armor: Animal skin       |    20 |    46 |    56 ||   122
Dodge: Dodged            |    55 |   120 |   108 ||   283
